 Dungeon Crawl Stone Soup version 0.26-a0-774-g1415c89e12 (webtiles) character file.

Game seed: 5195578786425780127

335 Forecaster the Stinger (level 6, 0/50 HPs)
             Began as a Naga Venom Mage on Nov 9, 2020.
             Was an Initiate of Sif Muna.
             Slain by a phantom (4 damage)
             ... on level 4 of the Dungeon.
             The game lasted 00:13:58 (4666 turns).

Forecaster the Stinger (Naga Venom Mage)            Turns: 4666, Time: 00:13:59

Health: 0/50       AC:  5    Str: 17    XL:     6   Next: 53%
Magic:  20/20      EV: 10    Int: 16    God:    Sif Muna [......]
Gold:   237        SH:  0    Dex: 12    Spells: 2/12 levels left

rFire    + . .     SeeInvis +   v - +0 mace (holy)
rCold    + . .     Faith    .   (no shield)
rNeg     . . .     Spirit   .   a - +2 robe
rPois    +         Reflect  .   (no helmet)
rElec    .         Harm     .   w - scarf {rC+ rF+}
rCorr    .         Rampage  .   (no gloves)
MR       .....                  (no barding)
Stlth    ++........             (no amulet)
HPRegen  0.16/turn              t - +6 ring of strength
MPRegen  0.17/turn              u - ring of magical power

@: very slow
A: large, see invisible, deformed body, poison resistance, slowness 2, spit
poison 1, AC +2
a: Spit Poison, Renounce Religion


You were on level 4 of the Dungeon.
You worshipped Sif Muna.
Sif Muna was noncommittal.
You visited 1 branch of the dungeon, and saw 4 of its levels.

You collected 237 gold pieces.

Inventory:

Hand Weapons
 c - a +0 dagger
 n - a +0 long sword
 s - a +0 quarterstaff
 v - a +0 mace of holy wrath (weapon)
Missiles
 g - 14 poisoned darts (quivered)
Armour
 a - a +2 robe (worn)
 w - a scarf of resistance (worn)
Jewellery
 t - a +6 ring of strength (left hand)
 u - a ring of magical power (right hand)
 y - an uncursed ring of protection from magic {unknown}
 B - a +4 ring of slaying
Wands
 x - a wand of acid (12)
Scrolls
 b - 3 scrolls of remove curse
 e - a scroll of fear
 f - 2 scrolls of amnesia
 h - a scroll of noise
 j - 3 scrolls of teleportation
 l - 4 scrolls of fog
 o - 2 scrolls of enchant armour
 p - a scroll of enchant weapon {unknown}
Potions
 d - a potion of resistance {unknown}
 i - a potion of curing
 k - 2 potions of might {unknown}
 m - a potion of attraction {unknown}
 q - a potion of haste {unknown}
 r - 3 potions of flight
 z - a potion of invisibility {unknown}
 A - a potion of degeneration {unknown}
 C - a potion of heal wounds {unknown}
 D - a potion of cancellation {unknown}


   Skills:
 + Level 0.3 Fighting
 + Level 0.5 Maces & Flails
 + Level 2.3 Dodging
 + Level 3.5 Stealth
 + Level 3.5 Spellcasting
 + Level 1.2 Transmutations
 + Level 2.3 Air Magic
 + Level 6.4 Poison Magic


You had 2 spell levels left.
You knew the following spells:

 Your Spells              Type           Power        Failure   Level
a - Sting                 Tmut/Pois      ###.         3%          1
b - Poisonous Vapours     Pois/Air       ###...       4%          2
c - Olgreb's Toxic Radia  Pois           ###.....     13%         4
d - Ignite Poison         Fire/Tmut/Pois ##......     19%         3

Your spell library contained the following spells:

 Spells                   Type           Power        Failure   Level
 Mephitic Cloud           Conj/Pois/Air  ##......     16%         3
 Confusing Touch          Hex            #.......     47%         3
 Gell's Gravitas          Tloc           #.........   47%         3
 Petrify                  Tmut/Erth      #.......     80%         4
 Yara's Violent Unravell  Hex/Tmut       #.........   98%         5
 Metabolic Englaciation   Hex/Ice        #.........   99%         5


Dungeon Overview and Level Annotations

Branches:
Dungeon (4/15)
 Temple: D:4-7

Altars:
Ashenzari
Elyvilon
Fedhas
Okawaru
Sif Muna
Xom
Yredelemnul


Innate Abilities, Weirdness & Mutations

You cannot wear boots.
Your serpentine skin is tough. (AC +2)
You have supernaturally acute eyesight. (SInv)
Armour fits poorly on your strangely shaped body.
Your system is resistant to poisons. (rPois)
You cover ground very slowly.
You can spit poison.


Message History

You hit the phantom.
The phantom convulses!
The phantom is heavily damaged.
The phantom hits you but does no damage.
You closely miss the phantom.
The phantom is heavily damaged.
The phantom hits you.
* * * LOW HITPOINT WARNING * * *
The phantom blinks!
You closely miss the phantom.
The phantom is heavily damaged.
The phantom closely misses you.
You barely miss the phantom.
The phantom is heavily damaged.
The phantom blinks!
You barely miss the phantom.
The phantom is heavily damaged.
The phantom hits you.
* * * LOW HITPOINT WARNING * * *
The phantom hits you.
You die...

######..#.##<.................#
######..#.##.##.#############.#
.............##.########### #.#
#######......##.##.....W..# #.#
#########.##W######.# #.#
#.##.# #.# #.# #.##.# #.# #.#
## ######W##.# #.###.## .#
.......@ยง.# #.##...# .#
######.#########.##...## .##
#.. #.............. ..# ##.
#.#####.)...... ..# #. #.#
#........ ..# #. #.# #.##..<.#
..# #. #.# #.##....# #.# # #.
#.# #.####.#. #.####...#
##.###.#####.###.###


You could see a phantom.

Vanquished Creatures
  A gnoll shaman (D:4)
  An orc wizard (D:3)
  2 iguanas (D:4)
  Terence (D:2)
  3 adders
  10 gnolls
  An adder skeleton (D:4)
  A dart slug (D:1)
  2 leopard geckos
  3 orcs (D:3)
  3 giant cockroaches
  11 goblins
  9 hobgoblins
  6 jackals
  A quokka (D:4)
  6 bats
  2 kobolds
  A quokka skeleton (D:4)
  A quokka zombie (D:4)
  10 rats
75 creatures vanquished.

Vanquished Creatures (others)
  8 plants (D:3)
8 creatures vanquished.

Grand Total: 83 creatures vanquished

Notes
Turn   | Place    | Note
-------+----------+-------------------------------------------
     0 | D:1      | Forecaster the Naga Venom Mage began the quest for the Orb.
     0 | D:1      | Reached XP level 1. HP: 15/15 MP: 3/3
   318 | D:1      | Reached XP level 2. HP: 22/22 MP: 1/5
   322 | D:1      | Learned a level 2 spell: Poisonous Vapours
  1103 | D:1      | Reached XP level 3. HP: 27/28 MP: 1/6
  1789 | D:2      | Noticed Terence
  1804 | D:2      | Killed Terence
  1804 | D:2      | Reached skill level 5 in Poison Magic
  1810 | D:2      | Reached XP level 4. HP: 13/36 MP: 0/7
  1961 | D:2      | Reached skill level 1 in Air Magic
  2071 | D:2      | Found a broken altar of Ashenzari.
  2823 | D:3      | Found a shimmering altar of Xom.
  2975 | D:3      | Reached XP level 5. HP: 42/42 MP: 8/9
  3273 | D:3      | Learned a level 4 spell: Olgreb's Toxic Radiance
  3550 | D:3      | Reached skill level 6 in Poison Magic
  3561 | D:3      | Found a shimmering blue altar of Sif Muna.
  3569 | D:3      | Became a worshipper of Sif Muna the Loreminder
  3951 | D:4      | Reached XP level 6. HP: 18/49 MP: 11/11
  3967 | D:4      | Learned a level 3 spell: Ignite Poison
  4188 | D:4      | Found a blossoming altar of Fedhas.
  4188 | D:4      | Found a white marble altar of Elyvilon.
  4188 | D:4      | Found an iron altar of Okawaru.
  4188 | D:4      | Found a basalt altar of Yredelemnul.
  4623 | D:4      | Noticed a phantom
  4666 | D:4      | Slain by a phantom

Illustrated notes

Levels and vault maps discovered:
D:1:      evilmike_arrival_rings, layout_loops_ring,
          hangedman_abyss_or_decor_lesser_grid
D:2:      layout_rooms, old_standard_altar, uniq_terence
D:3:      layout_basic, old_standard_altar, tgw_sif, serial_bayou_lake_a
D:4:      layout_loops_ring, grunt_temple_overflow_cloverleaf,
          lemuel_coloured_pillars_altar

Skill      XL: |  1  2  3  4  5  6 |
---------------+-------------------+-----
Poison Magic   | 5 6 |  6.4
Air Magic      | 1 2 |  2.3
Spellcasting   | 3 |  3.5
Dodging        | 2 |  2.3
Fighting       | |  0.3
Maces & Flails | |  0.5
Stealth        | |  3.5
Transmutations | |  1.2

Action                   |  1- 3 |  4- 6 || total
-------------------------+-------+-------++-------
Melee: Dagger            |    51 |     8 ||    59
       Mace              |       |    51 ||    51
 Cast: Sting             |    14 |       ||    14
       Poisonous Vapours |    26 |    67 ||    93
       Olgreb's Toxic Ra |       |     1 ||     1
       Ignite Poison     |       |     2 ||     2
 Abil: Spit Poison       |     1 |       ||     1
  Use: Scroll            |       |    12 ||    12
       Potion            |       |     1 ||     1
 Stab: Sleeping          |       |     1 ||     1
Armor: Robe              |     5 |    13 ||    18
Dodge: Dodged            |    46 |    23 ||    69

Table legend: (Time is in decaauts)
 A = Elapsed time spent in this place.
 B = Non-inter-level travel time spent in this place.
 C = Inter-level travel time spent in this place.
 D = Time resting spent in this place.
 E = Time spent auto-exploring this place.
 F = Levels seen in this place.
 G = Mean time per level.
                   A        B        C        D        E       F      G
               +--------+--------+--------+--------+--------+-----+--------+
         Total |   5507 |   5416 |     91 |    863 |   3745 |   4 | 1376.8 |
       Dungeon |   5507 |   5416 |     91 |    863 |   3745 |   4 | 1376.8 |
               +--------+--------+--------+--------+--------+-----+--------+

Top non-repeatable levels by time:
     D:1: 2061 daAuts
     D:3: 1210 daAuts
     D:4: 1171 daAuts
     D:2: 1064 daAuts
